Map: Efflorescence LE

Players

Seph

  • Race: Zerg Zerg
  • Spawn Location: 6:00

gujoe

  • Race: Protoss Protoss
  • League: Bronze
  • Spawn Location: 9:00

woohoo - Winner!

  • Race: Protoss Protoss
  • League: Bronze
  • Spawn Location: 3:00

FujiHeavy - Winner!

  • Race: Terran Terran
  • League: Silver
  • Spawn Location: 12:00

VOD

Have the link to the VOD?

Description

Time

  • Played on: Feb. 13, 2019, 9:09 p.m.
  • Length: 14:18
Show
View Real Time Build Order
Export as new Build Order

Seph Zerg 

Build Orders: Pool First, Brood Lord Corruptor 

Get SALT Encoding   

  12  0:02  Drone  
  13  0:11  Drone  
  14  0:19  Overlord  
  14  0:42  Drone x3  
  17  0:48  Spawning Pool  
  16  0:55  Extractor  
  15  0:57  Drone  
  16  1:05  Drone  
  17  1:17  Evolution Chamber, Drone  
  17  1:27  Overlord  
  17  1:35  Queen  
  17  1:39  Drone  
  20  1:43  Extractor  
  19  1:51  Drone  
  20  1:59  Drone  
  21  2:14  Drone  
  22  2:28  Metabolic Boost  
  22  2:31  Zergling x4  
  24  2:46  Drone  
  24  2:47  Drone x3  
  28  2:52  Hatchery  
  28  2:56  Lair  
  27  2:59  Zergling x2  
  28  3:15  Extractor  
  27  3:26  Zergling x4  
  29  3:47  Drone  
  29  3:48  Evolution Chamber  
  29  3:59  Overseer  
  29  4:03  Overlord x2  
  29  4:04  Overlord x2  
  29  4:07  Queen  
  29  4:08  Drone  
  32  4:18  Zerg Missile Weapons Level 1  
  32  4:19  Zerg Ground Armor Level 1  
  28  4:29  Zergling x12  
  33  4:38  Drone  
  34  5:07  Spire  
  33  5:29  Drone  
  33  5:30  Drone x5  
  33  5:54  Drone x2  
  35  5:57  Drone  
  35  5:58  Drone x2  
  38  6:08  Extractor  
  37  6:23  Corruptor x4  
  45  6:40  Roach Warren  
  45  6:46  Drone x2  
  46  6:55  Zerg Missile Weapons Level 2  
  46  6:56  Zerg Ground Armor Level 2  
  46  7:17  Drone  
  46  7:18  Drone x2  
  46  7:21  Infestation Pit  
  48  7:32  Corruptor x3  
  54  7:49  Spine Crawler  
  53  7:52  Spine Crawler  
  53  7:55  Roach x5  
  53  7:56  Roach x3, Spine Crawler  
  67  8:09  Hive  
  67  8:26  Overlord x4  
  67  8:32  Pneumatized Carapace  
  67  8:33  Drone  
  68  8:44  Zergling x2  
  68  8:45  Zergling x10  
  68  8:46  Zergling x12  
  80  9:23  Greater Spire  
  79  9:43  Spire  
  67  10:02  Corruptor x5  
  67  10:03  Corruptor  
  79  10:11  Zerg Missile Weapons Level 3  
  79  10:24  Hatchery  
  79  10:28  Extractor  
  77  10:32  Extractor  
  76  10:47  Zerg Flyer Armor Level 1  
  76  10:51  Zergling x10  
  81  11:08  Zergling x8  
  81  11:09  Zergling x4  
  87  11:17  Glial Reconstitution  
  87  11:27  Brood Lord  
  72  12:04  Brood Lord x4  
  70  12:10  Queen  
  70  12:14  Drone  
  73  12:15  Drone  
  73  12:18  Drone  
  75  12:32  Brood Lord  
Show
View Real Time Build Order
Export as new Build Order

gujoe Protoss 

Build Orders: 1 Gate Expand 

Get SALT Encoding   

  12  0:04  Probe  
  13  0:16  Probe  
  14  0:24  Pylon  
  14  0:28  Probe  
  15  0:42  Probe  
  16  0:47  Gateway  
  16  0:54  Probe  
  17  1:02  Forge  
  17  1:06  Probe  
  19  1:18  Probe  
  19  1:28  Assimilator  
  19  1:42  Nexus  
  19  1:49  Cybernetics Core  
  19  1:52  Pylon  
  19  2:04  Probe  
  20  2:16  Probe  
  20  2:20  Assimilator  
  21  2:33  Photon Cannon  
  21  2:34  Pylon  
  21  2:36  Probe  
  22  2:46  Warp Gate  
  22  2:49  Probe  
  23  3:01  Probe  
  23  3:02  Probe  
  24  3:10  Probe  
  25  3:13  Probe  
  27  3:20  Probe  
  27  3:25  Probe  
  29  3:34  Probe, Assimilator  
  29  3:35  Assimilator  
  29  3:39  Pylon  
  30  3:46  Probe  
  31  3:58  Probe  
  32  4:10  Probe, Stargate  
  32  4:11  Pylon  
  33  4:19  Protoss Air Weapons Level 1  
  33  4:21  Stargate  
  33  4:59  Void Ray  
  37  5:12  Void Ray  
  41  5:30  Gateway x2  
  41  5:32  Gateway  
  41  5:37  Gateway  
  41  5:41  Gateway  
  41  5:42  Pylon  
  41  5:44  Pylon  
  41  5:50  Twilight Council  
  41  5:53  Pylon  
  41  6:14  Protoss Air Armor Level 1  
  41  6:30  Blink  
  41  6:38  Gateway  
  41  6:40  Gateway  
  41  6:42  Gateway  
  41  6:43  Gateway  
  41  6:45  Pylon  
  41  6:47  Pylon  
  41  6:48  Stalker x2  
  41  6:49  Photon Cannon, Stalker x4  
  41  6:50  Protoss Ground Weapons Level 1  
  41  6:51  Photon Cannon  
  53  7:13  Zealot x4  
  53  7:14  Zealot x2  
  65  7:30  Dark Shrine  
  65  7:36  Zealot x4  
  65  7:37  Zealot x2  
  77  7:55  Zealot x3  
  77  7:56  Zealot  
  85  8:06  Probe  
  86  8:14  Probe  
  86  8:17  Zealot x2  
  91  8:24  Probe  
  91  8:25  Charge  
  92  8:36  Probe  
  93  8:48  Probe  
  93  8:52  Nexus  
  94  8:56  Pylon  
  94  9:39  Dark Templar x4  
  102  9:53  Nexus  
  102  9:56  Pylon  
  102  10:01  Dark Templar x4  
  102  11:14  Dark Templar x2  
  102  11:18  Dark Templar x4  
  114  11:29  Archon  
  114  11:30  Archon  
  114  11:35  Archon x2  
  114  11:36  Archon  
  114  12:03  Templar Archives  
  114  12:13  Dark Templar x4  
  114  12:14  Dark Templar  
  124  12:20  Dark Templar  
Show
View Real Time Build Order
Export as new Build Order

woohoo Protoss - Winner!

Build Orders: Colossus Rush 

Get SALT Encoding   

  12  0:01  Probe  
  13  0:13  Probe  
  14  0:21  Pylon  
  14  0:26  Probe  
  15  0:39  Gateway  
  15  0:50  Forge  
  15  0:52  Probe  
  16  0:59  Assimilator  
  16  1:04  Probe  
  17  1:20  Zealot  
  17  1:21  Probe  
  18  1:26  Photon Cannon  
  20  1:33  Probe  
  21  1:45  Assimilator  
  21  1:46  Probe  
  22  1:52  Pylon  
  22  1:59  Pylon  
  22  2:03  Cybernetics Core  
  22  2:15  Photon Cannon  
  22  2:19  Warp Gate  
  22  2:20  Probe  
  23  2:42  Robotics Facility  
  23  2:53  Gateway  
  23  3:10  Adept  
  23  3:11  Protoss Ground Weapons Level 1  
  25  3:18  Probe  
  26  3:30  Probe  
  26  3:31  Immortal  
  31  4:08  Nexus  
  31  4:11  Stalker  
  31  4:13  Sentry  
  31  4:16  Observer  
  36  4:34  Probe  
  37  4:39  Assimilator  
  37  4:40  Pylon  
  37  4:44  Observer  
  38  4:49  Robotics Bay  
  38  5:01  Twilight Council  
  38  5:03  Pylon  
  38  5:06  Observer  
  39  5:18  Probe  
  39  5:26  Probe  
  41  5:35  Probe  
  41  5:38  Stalker  
  44  5:47  Probe  
  44  5:49  Photon Cannon  
  45  5:58  Probe  
  45  5:59  Colossus  
  52  6:05  Extended Thermal Lance  
  52  6:06  Probe  
  53  6:14  Probe  
  53  6:15  Stalker  
  56  6:26  Probe  
  57  6:38  Probe  
  58  6:42  Assimilator  
  58  6:49  Stalker x2  
  58  6:50  Probe  
  63  6:55  Colossus  
  63  6:59  Pylon  
  63  7:00  Blink  
  63  7:01  Pylon  
  69  7:02  Probe  
  70  7:11  Protoss Ground Armor Level 1  
  70  7:16  Probe  
  71  7:24  Probe  
  72  7:32  Stalker x2  
  72  7:33  Probe  
  77  7:44  Probe  
  78  7:58  Nexus  
  78  8:07  Stalker x2  
  82  8:13  Pylon  
  82  8:14  Pylon  
  82  8:17  Immortal  
  86  8:30  Pylon  
  86  8:31  Probe  
  86  8:32  Assimilator  
  87  8:43  Probe  
  88  8:51  Stalker  
  88  8:52  Stalker  
  88  8:55  Gateway  
  92  9:43  Colossus  
  92  9:44  Protoss Ground Weapons Level 2  
  98  9:52  Probe  
  99  10:00  Probe  
  100  10:09  Robotics Facility  
  100  10:10  Probe  
  100  10:11  Gateway  
  101  10:22  Probe  
  101  10:26  Photon Cannon  
  102  10:29  Photon Cannon  
  102  10:30  Observer  
  103  10:45  Colossus  
  103  10:53  Immortal  
  109  10:59  Stalker  
  109  11:00  Stalker x2  
  119  11:09  Resonating Glaives  
  119  11:12  Adept  
  121  11:20  Pylon  
  121  11:21  Pylon  
  121  11:23  Pylon  
  121  11:26  Stalker x2  
  125  11:50  Probe  
  125  11:53  Assimilator  
  126  12:02  Probe  
  127  12:14  Probe  
  128  12:26  Probe  
  119  12:54  Colossus x2  
  87  14:12  Stalker x4  
Show
View Real Time Build Order
Export as new Build Order

FujiHeavy Terran - Winner!

Build Orders:  

Get SALT Encoding   

  12  0:01  SCV  
  13  0:20  SCV, Supply Depot  
  14  0:32  SCV  
  15  0:44  SCV  
  15  0:47  Barracks  
  16  0:54  Supply Depot  
  16  0:56  SCV  
  17  0:59  Refinery  
  17  1:09  SCV  
  18  1:17  Barracks  
  18  1:21  SCV  
  19  1:37  SCV  
  20  1:40  Marine  
  20  1:42  Refinery  
  21  1:50  SCV  
  22  1:55  Engineering Bay  
  22  1:58  Marine  
  23  2:02  SCV  
  23  2:16  Barracks Reactor, Marine  
  23  2:20  SCV  
  25  2:29  Missile Turret  
  25  2:32  SCV  
  25  2:36  Barracks  
  26  2:42  Barracks Tech Lab  
  26  2:47  SCV  
  27  2:57  Supply Depot  
  27  3:00  Terran Infantry Weapons Level 1  
  27  3:03  Orbital Command  
  29  3:12  Marauder  
  29  3:16  Marine  
  29  3:17  Marine  
  31  3:29  Barracks Reactor  
  31  3:49  Command Center  
  31  3:52  Missile Turret  
  31  3:56  SCV  
  31  4:01  Marine x2  
  34  4:07  Marine x2  
  36  4:16  SCV  
  37  4:21  Marine  
  37  4:22  Marine  
  39  4:42  Supply Depot  
  39  4:52  Supply Depot  
  39  4:55  Terran Infantry Armor Level 1  
  39  5:00  SCV, Marine x4  
  39  5:01  SCV  
  45  5:12  SCV  
  45  5:13  SCV  
  47  5:18  Engineering Bay  
  47  5:24  SCV  
  47  5:25  SCV  
  47  5:28  Factory  
  49  5:31  Stimpack  
  48  5:37  SCV  
  49  5:48  Marine x3  
  49  5:49  Marauder, SCV, Marine  
  56  5:53  SCV  
  57  6:05  SCV  
  57  6:06  Marine  
  57  6:07  Marine x3  
  62  6:14  Starport  
  62  6:17  Starport  
  62  6:21  SCV, Supply Depot  
  62  6:23  SCV  
  64  6:36  Orbital Command  
  64  6:37  SCV  
  65  6:51  Marine x4  
  65  6:52  Marauder  
  71  6:55  Medivac  
  73  7:13  Marine x4  
  77  7:18  Supply Depot  
  77  7:22  Supply Depot  
  77  7:23  Starport Reactor  
  77  7:26  Command Center  
  77  7:32  Combat Shield  
  77  7:38  Marine  
  77  7:40  Marauder, Medivac, Marine x3  
  85  8:01  Armory, Supply Depot  
  85  8:03  Supply Depot, Marine x3  
  85  8:04  Marine  
  85  8:05  Marauder  
  91  8:10  Medivac  
  93  8:14  Starport Tech Lab  
  93  8:22  Medivac  
  93  8:23  Hellion  
  93  8:26  Barracks  
  97  8:39  Refinery, Marine x5  
  102  8:44  Hellion  
  105  8:53  Orbital Command  
  105  8:55  SCV x2  
  106  8:57  Marauder, Marine  
  109  9:03  Terran Infantry Weapons Level 2  
  109  9:07  SCV x2  
  111  9:15  Supply Depot  
  111  9:16  Supply Depot  
  111  9:17  Barracks Reactor  
  111  9:19  SCV x2  
  113  9:30  Marine x4  
  113  9:31  SCV x2, Marine  
  114  9:49  Marauder  
  116  10:08  Orbital Command  
  114  10:28  Marine x4  
  115  10:29  Marauder  
  109  10:51  Marine x4  
  109  10:52  Marauder  
  115  10:59  SCV  
  116  11:05  SCV x2  
  118  11:11  SCV  
  118  11:17  SCV  
  120  11:22  Marine x3  
  120  11:23  Marine  
  120  11:24  Marauder  
  126  11:30  Missile Turret  
  126  11:37  SCV  
  127  11:41  Marine x4  
  127  11:44  Marine  
  134  11:48  Banshee  
  134  11:49  SCV  
  134  11:50  Cloaking Field  
  130  12:03  Marauder  
  131  12:30  Banshee  
  133  12:51  Marine x4  
  133  12:52  Marauder  
  132  13:13  Marauder, Banshee  
Tags
 
Add a new tag
Caveats
  • Supply blocks, unpowered buildings, or Contaminate may cause inaccurate times.
  • Supply counts are checked every 10 seconds.